 Dungeon Crawl Stone Soup version 0.20.0-1-g1cb1d84 (webtiles) character file.

60 FakerFangirl the Cudgeler (level 3, 0/31 HPs)
             Began as a Draconian Fighter on May 26, 2017.
             Killed from afar by Natasha (5 damage)
             ... with a magic dart
             ... on level 2 of the Dungeon.
             The game lasted 00:01:15 (1007 turns).

FakerFangirl the Cudgeler (Draconian Fighter)       Turns: 1007, Time: 00:01:15

Health: 0/31       AC:  6    Str: 18    XL:     3   Next: 82%
Magic:  3/3        EV: 10    Int:  8    God:
Gold:   59         SH:  9    Dex: 11    Spells: 2/2 levels left

rFire    . . .     SeeInvis .   Y - +0 flail
rCold    . . .     Gourm    .   b - +0 shield
rNeg     . . .     Faith    .   (armour unavailable)
rPois    .         Spirit   .   (helmet restricted)
rElec    .         Reflect  .   (no cloak)
rCorr    .         Harm     .   i - +0 pair of gloves
MR       .....                  (no boots)
Stlth    +.........             (no amulet)
Regen    0.1/turn               (no ring)
MPRegen  0.1/turn               (no ring)

@: no status effects
A: unfitting armour, cold-blooded, AC +5
a: no special abilities


You were on level 2 of the Dungeon.
You were hungry.

You visited 1 branch of the dungeon, and saw 2 of its levels.

You collected 59 gold pieces.


Innate Abilities, Weirdness & Mutations

Your plain brown scales are hard. (AC +5)
You cannot fit into any form of body armour.
You are cold-blooded and may be slowed by cold attacks.


   Skills:
 - Level 3.2 Fighting
 + Level 4.2 Maces & Flails
 - Level 2.6 Dodging
 - Level 3.0 Shields


You had 2 spell levels left.
You didn't know any spells.

Inventory:

Hand Weapons
 Y - a +0 flail (weapon)
Armour
 b - a +0 shield (worn)
 i - a +0 pair of gloves (worn)
Jewellery
 f - a +2 ring of intelligence {unknown}
Potions
 a - a potion of agility {unknown}
 c - a potion of might
 e - a potion of haste {unknown}
 k - a potion of heal wounds {unknown}
Comestibles
 d - a bread ration
 g - 3 fruits

Dungeon Overview and Level Annotations

Branches:
Dungeon (2/15)

Altars:

Annotations:
D:2 Natasha


Message History

Natasha is heavily wounded.
Natasha claws you!
The crimson imp hits you but does no damage.
Natasha closely misses you.
You are feeling hungry.
You closely miss Natasha.
Natasha is heavily wounded.
The crimson imp hits you. You block Natasha's attack.
You miss Natasha.
Natasha is heavily wounded.
You block the crimson imp's attack. Natasha claws you but does no damage.
The crimson imp closely misses you.
You miss Natasha.
Natasha is heavily wounded.
Natasha closely misses you.
The crimson imp blinks!
You closely miss Natasha. You tail-slap Natasha.
Natasha is severely wounded.
Natasha casts a spell at you. The magic dart hits you!
You die...

#..## ##. #...# ... ## #.#.#
#.. .# #.#.# ... # .# #.#.##
#.###..# ###.#..#
#......###...##.#
..####..##%..#...##.#
.......h@.##.....##.#
......ยค.[......###.## .
.#.5....#...##.# #(.## ..
#.....##.#.##.# ##..### #.
#.............# ##.##. ..
#.....#..#....# #.#..
#.#.......##....# #....
...#........###>...######...
..$....(..### #..#..........


You could see Natasha and a crimson imp.

Vanquished Creatures
  Natasha (D:2)
  An adder (D:2)
  A dart slug (D:1)
  2 giant cockroaches (D:1)
  A hobgoblin (D:1)
  3 jackals (D:1)
  A ball python (D:1)
  2 bats (D:1)
  5 frilled lizards
  3 goblins
  5 kobolds
  2 rats (D:2)
27 creatures vanquished.

Notes
Turn   | Place    | Note
-------+----------+-------------------------------------------
     0 | D:1      | FakerFangirl the Draconian Fighter began the quest for the Orb.
     0 | D:1      | Reached XP level 1. HP: 19/19 MP: 1/1
     0 | D:1      | 0 ||| counter = 90
   124 | D:1      | Reached XP level 2. HP: 16/26 MP: 2/2
   125 | D:1      | 125 ||| Stepping ~*~*~tactically~*~*~ (outnumbered).
   266 | D:1      | Reached skill level 3 in Maces & Flails
   549 | D:1      | 549 ||| UPGRADING to pair of gloves.
   554 | D:1      | 554 ||| READING scroll labeled MIUCOA MOMY.
   555 | D:1      | 555 ||| READING scroll labeled YLI AFOEBAIWN.
   556 | D:1      | 556 ||| READING scroll labeled BILOEJ JITUOTYGIRCH.
   557 | D:1      | 557 ||| READING scroll labeled RUEPSO MOSOSE.
   679 | D:2      | Reached XP level 3. HP: 13/31 MP: 3/3
   689 | D:2      | HP: 7/31 [poisoned by an adder]
   695 | D:2      | HP: 5/31 [poisoned by an adder]
   703 | D:2      | HP: 4/31 [poisoned by an adder]
   980 | D:2      | Noticed Natasha
   988 | D:2      | Killed Natasha
   988 | D:2      | Reached skill level 4 in Maces & Flails
   995 | D:2      | Noticed Natasha
  1003 | D:2      | HP: 6/31 [Natasha (8)]
  1007 | D:2      | Killed from afar by Natasha

Vault maps used:
D:1:      dpeg_arrival_rooms_b
D:2:      minitemple, uniq_terence, uniq_natasha

Skill      XL: |  1  2  3 |
---------------+----------+-----
Maces & Flails | 3 4 |  4.2
Fighting       | |  3.2
Dodging        | |  2.6
Shields        | |  3.0

Action                   || total
-------------------------++-------
Melee: Flail             ||    99
       Tailslap          ||    11
  Use: Scroll            ||     4
Armor: Skin              ||    29
Dodge: Dodged            ||    59
Block: Shield            ||    48
